AoeStats
← Count Foxbat

Arabia

510493196Analyzed
1v1 RM · 23h ago on Oct 1, 2026· 41m 44s· 2 players
Game mode
Random Map
Map size
Tiny (2 player)
Population
200
Speed
Normal
Resources
Standard
Victory
Conquest
Starting age
Dark Age
Ending age
Imperial Age
RankedLock teamsTeams togetherTeam positionsShared explorationLock speedFull tech treeHidden civsTurbo modeCheats
Victory
Defeat
🇳🇿 Tatars · New Zealand
865
+14
🇩🇪 Franks · Germany
827
-24
Count Foxbat
7:15 Loom
10:12 Feudal Age
19:16 Double-Bit Axe
19:38 Scale Barding Armor
21:35 Wheelbarrow
23:48 Castle Age
23:54 Gold Mining
25:04 Husbandry
26:16 Chain Barding Armor
GGSammy
7:40 Loom
10:13 Feudal Age
10:51 Double-Bit Axe
18:25 Castle Age
19:20 Wheelbarrow
20:57 Bow Saw
22:04 Horse Collar
23:07 Heavy Plow
25:24 Gold Mining
25:25 Stone Mining
26:03 Hand Cart
25:48 Fletching
25:59 Padded Archer Armor
28:51 Pikeman
31:42 Bodkin Arrow
32:24 Ballistics
32:52 Scale Mail Armor
37:32 Bloodlines
37:22 Husbandry
39:34 Light Cavalry
41:08 Squires
Connection lost

Rejoining the realm…

Still unreachable

The connection could not be restored.

Session expired

The server has moved on; the page needs a fresh start.